 Dungeon Crawl Stone Soup version 0.21.1-1-g345015fe64 (webtiles) character file.

60 Ivernyr the Charmwright (level 3, 28/28 HPs)
             Began as a Demonspawn Skald on Apr 28, 2018.
             Quit the game on level 2 of the Dungeon.
             The game lasted 00:04:14 (1957 turns).

Ivernyr the Charmwright (Demonspawn Skald)          Turns: 1957, Time: 00:04:14

Health: 28/28      AC:  8    Str: 11    XL:     3   Next: 80%
Magic:  6/6        EV:  5    Int: 14    God:
Gold:   68         SH:  0    Dex: 13    Spells: 1/6 levels left

rFire    . . .     SeeInvis .   a - +0 falchion
rCold    . . .     Gourm    .   (no shield)
rNeg     . . .     Faith    .   b - +0 chain mail (curse)
rPois    .         Spirit   .   (no helmet)
rElec    .         Reflect  .   (no cloak)
rCorr    .         Harm     .   (no gloves)
MR       .....                  (no boots)
Stlth    ..........             (no amulet)
HPRegen  0.09/turn              k - ring of wizardry
MPRegen  0.10/turn              l - ring of loudness (curse)

@: no status effects
A: talons 1
a: no special abilities


You were on level 2 of the Dungeon.
You were hungry.

You visited 1 branch of the dungeon, and saw 2 of its levels.

You collected 68 gold pieces.

Inventory:

Hand Weapons
 a - a +0 falchion (weapon)
Armour
 b - a cursed +0 chain mail (worn)
Jewellery
 k - a ring of wizardry (left hand)
 l - a cursed ring of loudness (right hand)
Scrolls
 e - 2 scrolls of remove curse {unknown}
 i - 3 scrolls of identify {unknown}
 m - a scroll of magic mapping {unknown}
 n - a scroll of blinking {unknown}
 o - a scroll of noise {unknown}
Potions
 f - 2 potions of degeneration {unknown}
 g - a potion of lignification {unknown}
 h - a potion of curing {unknown}
 j - a potion of flight {unknown}
 p - a potion of mutation {unknown}
Books
 c - a book of Battle

   Spells                             Type                      Level
   a - Infusion                       Charms                       1
   b - Shroud of Golubria             Charms/Translocation         2
   c - Song of Slaying                Charms                       2
   d - Spectral Weapon                Hexes/Charms                 3
   e - Regeneration                   Charms/Necromancy            3
Comestibles
 d - 4 rations


   Skills:
 + Level 2.5 Fighting
 + Level 2.2 Long Blades
 * Level 2.2 Armour
 - Level 1.7 Dodging
 - Level 2.0 Spellcasting
 + Level 3.1 Charms


You had one spell level left.
You knew the following spells:

 Your Spells              Type           Power        Failure   Level  Hunger
a - Shroud of Golubria    Chrm/Tloc      #.........   98%         2    ###....
b - Song of Slaying       Chrm           ##......     88%         2    ###....
c - Infusion              Chrm           ##..         77%         1    ##.....


Dungeon Overview and Level Annotations

Branches:
Dungeon (2/15)

Altars:


Innate Abilities, Weirdness & Mutations

You have sharp toenails.


Message History

Things that are here:
a mace; a runed chain mail; a kobold corpse You start resting.
You are feeling hungry.
You start resting.
HP restored.
Things that are here:
a mace; a runed chain mail; a kobold corpse Drop what? 16/52 slots (_ for help) (? for menu, Esc to quit)
You start removing your armour.
You continue taking off your +0 leather armour. x4
You finish taking off your +0 leather armour.
You drop a +0 leather armour.
b - a runed chain mail Wear which item? (? for menu, Esc to quit)
You start putting on your armour.
You continue putting on your runed chain mail. x4
You finish putting on your cursed +0 chain mail.
Oops, that feels deathly cold.
Are you sure you want to abandon this character and quit the game? (Confirm with "yes".)

.##.......# # #..
###.......# #.#.#
..........# .#.#
###.......# ..[
.##.##.##.######.#
.##.##.........#.#########
.##.#......###<#.........#
..#.#.###..# #.#.#######.#
...........###.#@# #.#
.##.#.##.........# #.#
#### ###.#.......)..#.#
#.# #... #.#..##..#####.#
#.# #... #.#......# #.#
#.# ##..# #.......##
#.#######.####...#
###...###
#................# #...#
###.############...# #...#
#.......##########.#


There were no monsters in sight!

Vanquished Creatures
  2 adders (D:2)
  A dart slug (D:1)
  4 leopard geckos
  A ball python (D:2)
  A bat (D:1)
  A giant cockroach (D:1)
  3 hobgoblins (D:1)
  4 jackals (D:1)
  A quokka (D:2)
  4 frilled lizards
  3 goblins
  6 kobolds
  4 rats
35 creatures vanquished.

Notes
Turn   | Place    | Note
-------+----------+-------------------------------------------
     0 | D:1      | Ivernyr the Demonspawn Skald began the quest for the Orb.
     0 | D:1      | Reached XP level 1. HP: 16/16 MP: 3/3
   138 | D:1      | Reached skill level 1 in Armour
   176 | D:1      | Gained mutation: You have sharp toenails. [demonic ancestry]
   176 | D:1      | Reached XP level 2. HP: 22/22 MP: 5/5
   922 | D:2      | Reached XP level 3. HP: 25/28 MP: 6/6
   924 | D:2      | Reached skill level 3 in Charms
  1183 | D:2      | Learned a level 2 spell: Song of Slaying
  1186 | D:2      | Learned a level 2 spell: Shroud of Golubria
  1957 | D:2      | Quit the game

Skill      XL: |  1  2  3 |
---------------+----------+-----
Armour         | 1 2 |  2.2
Long Blades    | 2 |  2.2
Charms         | 3 |  3.1
Fighting       | |  2.5
Dodging        | |  1.7
Spellcasting   | |  2.0

Action                   || total
-------------------------++-------
Melee: Falchion          ||    96
       Kick              ||    13
 Cast: Shroud of Golubri ||     2
       Infusion          ||     1
  Eat: Chunk             ||     3
Armor: Leather armour    ||    23
Dodge: Dodged            ||    66
       Rpst.: Falchion   ||    30
